 Dungeon Crawl Stone Soup version 0.20-b1-24-gb21faa7 (webtiles) character file.

262 KeyserSoze the Skirmisher (level 6, -4/36 HPs)
             Began as a Vine Stalker Berserker on May 25, 2017.
             Was a Priest of Trog.
             Slain by a wight
             ... wielding a cursed +0 dire flail
              (9 damage)
             ... on level 4 of the Dungeon.
             The game lasted 00:13:52 (2677 turns).

KeyserSoze the Skirmisher (Vine Stalker Berserker)  Turns: 2677, Time: 00:13:52

Health: -4/36      AC:  8    Str: 20    XL:     6   Next: 18%
Magic:  0/7        EV:  8    Int:  7    God:    Trog [***...]
Gold:   113        SH:  0    Dex: 15    Spells: 5/5 levels left

rFire    . . .     SeeInvis .   d - +2 whip (elec)
rCold    . . .     Gourm    .   (no shield)
rNeg     . . .     Faith    .   h - +0 chain mail
rPois    .         Spirit   +   (no helmet)
rElec    .         Reflect  .   (no cloak)
rCorr    .         Harm     .   (no gloves)
MR       .....                  (no boots)
Stlth    ..........             (no amulet)
Regen    0.6/turn               (no ring)
MPRegen  0.1/turn               (no ring)

@: berserk cooldown, slowed, drained, very slow
A: fangs 2, regeneration 1, magic shield, antimagic bite, no potion heal 3, rot
immunity
a: Berserk, Trog's Hand, Burn Spellbooks, Renounce Religion


You were on level 4 of the Dungeon.
You worshipped Trog.
Trog was most pleased with you.
You were very hungry.

You visited 1 branch of the dungeon, and saw 4 of its levels.

You collected 113 gold pieces.

Inventory:

Hand Weapons
 a - a +0 hand axe
 d - a +2 whip of electrocution (weapon)
 o - a +0 shortbow of flaming
Missiles
 p - 10 poisoned needles
Armour
 h - a +0 chain mail (worn)
 j - a +2 robe of positive energy
 t - a +0 ring mail
Jewellery
 n - an uncursed ring of fire {unknown}
Scrolls
 e - a scroll of amnesia {unknown}
 f - 3 scrolls of enchant weapon {unknown}
 g - 5 scrolls of identify {unknown}
 k - a scroll of blinking {unknown}
Potions
 b - a potion of ambrosia {unknown}
Comestibles
 c - 4 bread rations
 q - a royal jelly
 r - 3 fruits
 s - 5 chunks of flesh


   Skills:
 + Level 5.7(5.1) Fighting
 - Level 3.2(2.7) Axes
 - Level 1.6(1.1) Armour
 - Level 1.9(1.5) Dodging


You had 5 spell levels left.
You didn't know any spells.

Dungeon Overview and Level Annotations

Branches:
Dungeon (4/15)
 Temple: D:4-7

Altars:
Fedhas


Innate Abilities, Weirdness & Mutations

You have extremely sharp teeth.
Your natural rate of healing is unusually fast.
When hurt, damage is shared between your health and your magic reserves.
Your bite disrupts and absorbs the magic of your enemies.
Potions cannot restore your health.
You are immune to rotting.


Message History

The wight is almost destroyed.
The wight hits you but does no damage. The iguana bites you.
* * * LOW HITPOINT WARNING * * *
Unknown command.
You are too berserk!
The iguana barely misses you.
You feel a strong urge to attack something.
A wight comes into view. It is wielding an enchanted battleaxe.
A wight comes into view. It is wielding a short sword.
You feel your anger subside.
You are no longer berserk.
You are exhausted.
You feel yourself slow down.
The iguana hisses menacingly.
The wight closely misses you. The wight barely misses you.
The wight hits you with a dire flail.
* * * LOW HITPOINT WARNING * * *
The wight barely misses you. The wight hits you with a dire flail!
You die...

....# .# ....# #.# #
....### #.⌠.# ......
#.#. ....# . #.. ...
⌠.###.#+########.######
#.#.....zlzz.z@.......
#.#.#...########.#.#.#.
#.8?#..# .# ##.#...# .#
###.#.########.#
##...z......<..#
#.##....†...#### ##
#........#.#
...#<..÷.#z.#


You could see an iguana and 4 wights.

Vanquished Creatures
  A howler monkey (D:4)
  An orc wizard (D:3)
  6 gnolls (D:2)
  7 adders
  2 oozes (D:1)
  2 dart slugs
  A leopard gecko (D:1)
  2 orcs (D:3)
  9 bats
  3 giant cockroaches (D:1)
  4 hobgoblins
  3 jackals (D:1)
  2 frilled lizards
  7 goblins
  14 kobolds
  6 rats
70 creatures vanquished.

Notes
Turn   | Place    | Note
-------+----------+-------------------------------------------
     0 | D:1      | KeyserSoze the Vine Stalker Berserker began the quest for the Orb.
     0 | D:1      | Reached XP level 1. HP: 11/11 MP: 2/2
   428 | D:1      | Reached XP level 2. HP: 16/16 MP: 3/3
   436 | D:1      | Reached skill level 3 in Fighting
   633 | D:1      | Reached XP level 3. HP: 18/20 MP: 2/4
   848 | D:1      | Reached ** piety under Trog
  1189 | D:2      | Gained mutation: Your natural rate of healing is unusually fast. [Vine Stalker growth]
  1189 | D:2      | Reached XP level 4. HP: 21/25 MP: 5/5
  1322 | D:2      | Reached skill level 4 in Fighting
  1431 | D:2      | Reached XP level 5. HP: 29/30 MP: 6/6
  1979 | D:3      | Reached skill level 5 in Fighting
  2076 | D:3      | Found a blossoming altar of Fedhas.
  2645 | D:4      | Reached XP level 6. HP: 35/35 MP: 7/7
  2654 | D:4      | Reached *** piety under Trog
  2663 | D:4      | HP: 1/54 [iguana (4)]
  2677 | D:4      | Slain by a wight

Skill      XL: |  1  2  3  4  5 |
---------------+----------------+-----
Axes           | 3 |  3.2
Fighting       | 3 4 5 |  5.7
Armour         | |  1.6
Dodging        | |  1.9

Action                   |  1- 3 |  4- 6 || total
-------------------------+-------+-------++-------
Melee: Hand axe          |    59 |       ||    59
       Bite              |    16 |    23 ||    39
       Whip              |    15 |    83 ||    98
Invok: Berserk           |     2 |     1 ||     3
  Use: Potion            |       |     3 ||     3
  Eat: Chunk             |     2 |     5 ||     7
Armor: Animal skin       |    27 |       ||    27
       Chain mail        |     6 |    48 ||    54
Dodge: Dodged            |    94 |    48 ||   142
